 Dungeon Crawl Stone Soup version 0.31-a0-1001-g770356a28f (webtiles) character file.

Game seed: 6100569581324324067

59572 kae the Jinx (level 14, 0/103 HPs)
             Began as a Demonspawn Enchanter on Nov 7, 2023.
             Was the Champion of Dithmenos.
             Succumbed to a cane toad's poison
             ... on level 5 of the Lair of Beasts on Nov 8, 2023.
             The game lasted 00:27:07 (16575 turns).

kae the Jinx (Demonspawn Enchanter)                Turns: 16575, Time: 00:27:08

Health: 0/103      AC:  8    Str:  9    XL:     14   Next: 53%
Magic:  24/24      EV: 16    Int: 20    God:    Dithmenos [******]
Gold:   967        SH:  4    Dex: 15    Spells: 5/27 levels left

rFire   . . .        E - +2 dagger (flame)
rCold   . . .        (no shield)
rNeg    . . .        B - +0 steam dragon scales
rPois   .            (no helmet)
rElec   .            n - +2 cloak
rCorr   .            P - +0 pair of gloves
SInv    +            (no boots)
Will    ++...        w - amulet of Meyllaerr {Will+ Regen+}
Stlth   +++++++      v - ring of see invisible
HPRegen 1.17/turn    Z - ring of wizardry
MPRegen 0.38/turn

%: wizardry (x1)
@: lethally poisoned (0 -> -5), corroded, wreathed by umbra
A: icy blue scales 2, icemail 1, magic regeneration, condensation shield,
weakness stinger 2
a: Renounce Religion, Shadow Step, Shadow Form


You were on level 5 of the Lair of Beasts.
You worshipped Dithmenos.
Dithmenos was exalted by your worship.
You visited 2 branches of the dungeon, and saw 15 of its levels.
You also visited: Volcano.

You collected 967 gold pieces.


Innate Abilities, Weirdness & Mutations

You are mostly covered in icy blue scales. (AC +3)
A meltable icy envelope protects you from harm. (AC +4)
You regenerate magic rapidly.
A meltable shield of frost defends you. (SH +4)
You have a tail ending in a sharp stinger.


   Skills:
 + Level 7.6 Fighting
 * Level 10.7(12.3) Short Blades
 - Level 9.7(11.8) Long Blades
 + Level 8.1 Dodging
 + Level 8.7 Stealth
 - Level 7.0 Spellcasting
 * Level 12.1 Hexes
 + Level 5.4 Invocations


You had 5 spell levels left.
You knew the following spells:

 Your Spells              Type           Power      Damage    Failure   Level
a - Ensorcelled Hibernat  Hex/Ice        62%        N/A       1%          2
b - Confusing Touch       Hex            53%        N/A       1%          3
c - Tukima's Dance        Hex            53%        N/A       1%          3
d - Dazzling Flash        Conj/Hex       62%        N/A       1%          3
e - Cause Fear            Hex            26%        N/A       1%          4
f - Enfeeble              Hex            26%        N/A       22%         7

Your spell library contained the following spells:

 Spells                   Type           Power      Damage    Failure   Level
 Inner Flame              Hex/Fire       31%        N/A       1%          3
 Summon Guardian Golem    Hex/Summ       31%        N/A       1%          3
 Anguish                  Hex/Necr       15%        N/A       3%          4
 Fulminant Prism          Conj/Hex       15%        3d10      3%          4
 Freeze                   Ice            28%        1d5       4%          1
 Magic Dart               Conj           28%        1d4       4%          1
 Sting                    Tmut/Pois      28%        1d4       4%          1
 Summon Small Mammal      Summ           28%        N/A       4%          1
 Poisonous Vapours        Pois/Air       14%        N/A       6%          2
 Searing Ray              Conj           14%        2d5       6%          2
 Yara's Violent Unravell  Hex/Tmut       15%        3d8       9%          5
 Call Canine Familiar     Summ           7%         N/A       12%         3
 Frozen Ramparts          Ice            14%        1d3       12%         3
 Hailstorm                Conj/Ice       7%         3d4       12%         3
 Volatile Blastmotes      Fire/Tloc      14%        2d11      12%         3
 Flame Wave               Conj/Fire      7%         2d5       34%         4
 Iskenderun's Mystic Bla  Conj/Tloc      7%         2d4       34%         4
 Olgreb's Toxic Radiance  Pois           7%         N/A       34%         4
 Passage of Golubria      Tloc           7%         N/A       34%         4
 Sticky Flame             Conj/Fire      7%         2d3       34%         4

Inventory:

Hand Weapons
 a - a +2 dagger
 E - a +2 dagger of flaming (weapon)
   (You took it off a kobold on level 9 of the Dungeon)
Missiles
 e - 193 stones
 o - 99 poisoned darts
 q - 10 boomerangs
 s - 5 curare-tipped darts {=f}
Armour
 b - a +2 robe
 n - a +2 cloak (worn)
   (You found it on level 3 of the Dungeon)
 B - +0 steam dragon scales (worn)
   (You found it on level 9 of the Dungeon)
 P - a +0 pair of gloves (worn)
   (You found it on level 3 of the Lair of Beasts)
Magical Staves
 x - a staff of fire {!a}
   (You found it on level 7 of the Dungeon)
 L - a staff of death {!a}
   (You found it on level 1 of the Lair of Beasts)
Jewellery
 v - a ring of see invisible (left hand)
   (You found it on level 6 of the Dungeon)
 w - the amulet of Meyllaerr (around neck) {Will+ Regen+}
   (You acquired it on level 7 of the Dungeon)

   [amulet of regeneration]

   Will+:     It increases your willpower.
   Regen+:    It increases your rate of health regeneration.
 A - an amulet of the acrobat
   (You found it on level 4 of the Dungeon)
 C - a ring of ice
   (You found it on level 7 of the Dungeon)
 F - a ring of fire
   (You found it on level 6 of the Dungeon)
 N - a ring of positive energy
   (You found it on level 6 of the Dungeon)
 S - a +6 ring of strength
   (You found it on level 5 of the Dungeon)
 T - an amulet of faith {!P}
   (You found it on level 9 of the Dungeon)
 W - a ring of magical power
   (You found it on level 6 of the Dungeon)
 Z - a ring of wizardry (right hand)
   (You found it on level 7 of the Dungeon)
Wands
 t - a wand of digging (4)
   (You found it on level 5 of the Dungeon)
 G - a wand of paralysis (7)
   (You found it on level 1 of the Lair of Beasts)
 I - a wand of roots (3)
   (You took it off Maurice on level 10 of the Dungeon)
 J - a wand of mindburst (2)
   (You found it on level 10 of the Dungeon)
 M - a wand of quicksilver (10)
   (You found it on level 1 of the Lair of Beasts)
Scrolls
 d - 4 scrolls of vulnerability {!r!r}
 g - 4 scrolls of teleportation {@r4}
 h - a scroll of poison {!r}
 j - 2 scrolls of revelation
 y - 2 scrolls of fog
 Q - a scroll of enchant armour
 V - a scroll of torment {unknown}
 X - a scroll of identify {@r1}
Potions
 c - 5 potions of invisibility
 f - 2 potions of might
 i - 4 potions of enlightenment
 k - 2 potions of mutation {!q}
 l - 4 potions of degeneration {!q}
 m - 5 potions of curing {@q1}
 p - 3 potions of lignification {!q}
 r - 2 potions of brilliance
 u - 3 potions of resistance
 z - 2 potions of berserk rage {!q}
 D - a potion of magic
 H - 3 potions of cancellation
 O - 2 potions of ambrosia
 R - a potion of heal wounds {@q2}
 U - 3 potions of haste {@q3}
Miscellaneous
 K - a phial of floods
   (You found it on level 10 of the Dungeon)

Dungeon Overview and Level Annotations

Branches:
Dungeon (10/15) Zot: 25681  Temple (0/1) D:7            Lair (5/5) D:10 Zot: 25229
  Swamp (0/4) Lair:3       Spider (0/4) Lair:3        Slime (0/5) Lair:5
    Orc (0/2) D:10        Volcano (visited)

Altars:
Ashenzari
Cheibriados
Dithmenos
Fedhas
Gozag
Hepliaklqana
Kikubaaqudgha
Makhleb
Qazlal
Ru
Trog
Uskayaw
Vehumet
Yredelemnul
Jiyva

Annotations:
D:3 exclusion: statue
Lair:4 Kirke

...~.~~~~P~
~~~~~~P~......
...#~..~~~~
~~~~~~~~~~....~~...
...~####...
P~~P~~....~..~....
..รท#...####
..~~...~.~..~~...^
.....#.## ###~P.......
..(.....# ##...........
.......## ##............
.......# #.............
.......# #.....@.......
....#..# ...............
...P#...................
..###...................
### #.#...#............P
#.#########.###.#.. ###
## #


There were no monsters in sight!


Message History

You start resting. ๐Ÿ˜ฎ HP[+5] MP[+2]
You regained 5 hp, and now have 58/103 hp.
You regained 2 mp, and now have 20/24 mp. ๐Ÿ˜ฎ HP[+1]
You enter the shallow water.
Moving in this stuff is going to be slow. ๐Ÿ˜ฎ HP[+1] MP[+1]
You start resting. ๐Ÿ˜ฎ HP[+10] MP[+3]
You regained 10 hp, and now have 70/103 hp.
Your mp is fully restored (24). ๐Ÿ˜ฎ HP[+2]
You regained 2 hp, and now have 72/103 hp.
You start resting. ๐Ÿ˜• HP[+15]
You regained 15 hp, and now have 87/103 hp.
H - 3 potions of cancellation (gained 1)
You see here a +0 robe.
You enter the shallow water.
Moving in this stuff is going to be slow.
You enter the shallow water.
Moving in this stuff is going to be slow.
Key pressed, stopping explore.
V - a scroll labelled LAPRUI OLIE ๐Ÿ˜Ž HP[+16]
Your hp is fully restored (103).
g - 5 scrolls of teleportation {@r4} (gained 1)
You see here a +0 falchion of flaming.
You see here the +3 Elemental Staff {ele, rElec rF+ rC+ AC+3}.
U - 3 potions of haste {@q3} (gained 1)
You now have 967 gold pieces (gained 17).
You see here the +3 morningstar "Noczik" {flame, *Rage rN+ Will- Dex+8}.
j - 2 scrolls of revelation (gained 1)
X - a scroll of identify {@r1}
e - 193 stones (gained 3)
You enter the shallow water.
Moving in this stuff is going to be slow.
A goliath frog and a vampire mosquito come into view.
There are monsters nearby!
There are monsters nearby!
There are monsters nearby!
A death yak comes into view. x2
The death yak moves out of view.
A cane toad comes into view.
You enter the shallow water.
Moving in this stuff is going to be slow.
The cane toad croaks.
The goliath frog misses you. The goliath frog barely misses you.
A death yak comes into view.
The death yak bellows!
The vampire mosquito buzzes angrily.
The death yak bellows!
The goliath frog closely misses you.
The cane toad stings you but does no damage.
The goliath frog hits you but does no damage.
The cane toad barely misses you.
The goliath frog hits you but does no damage.
The cane toad barely misses you.
You enter the shallow water.
Moving in this stuff is going to be slow.
The goliath frog attacks as it pursues you!
The goliath frog hits you from afar!
You are splashed with acid.
The vampire mosquito closely misses you.
The goliath frog closely misses you.
The cane toad closely misses you. ๐Ÿ˜• HP[-15]
You take 15 damage, and now have 88/103 hp.
The vampire mosquito attacks as it pursues you!
The vampire mosquito misses you.
You block the vampire mosquito's attack.
The vampire mosquito barely misses you. The cane toad barely misses you.
The goliath frog hits you from afar! The acid corrodes you!
You are splashed with acid! ๐Ÿ˜ฎ HP[-22]
You take 22 damage, and now have 66/103 hp.
MASSIVE DAMAGE!! (PAUSE) Unknown command.
As you read the scroll of teleportation {@r4}, it crumbles to dust.
You feel strangely unstable. The vampire mosquito barely misses you.
The cane toad barely misses you. The vampire mosquito barely misses you.
The death yak gores you. The goliath frog closely misses you.
The cane toad stings you.
You are poisoned.
The cane toad poisons you! ๐Ÿ˜ฎ HP[-5]
You take 5 damage, and now have 61/103 hp.
You feel extremely sick.
The vampire mosquito attacks as it pursues you!
The vampire mosquito barely misses you.
The vampire mosquito closely misses you.
The goliath frog attacks as it pursues you!
The goliath frog hits you from afar!!
* * * LOW HITPOINT WARNING * * *
You are splashed with acid!
* * * LOW HITPOINT WARNING * * *
The goliath frog hits you from afar!
* * * LOW HITPOINT WARNING * * *
The acid corrodes you!
You are splashed with acid!
* * * LOW HITPOINT WARNING * * *
Your surroundings suddenly seem different.
You die...

Skill      XL: |  1  2  3  4  5  6  7  8  9 10 11 12 13 14 |
---------------+-------------------------------------------+-----
Short Blades   | 1 2 3 4 5 6 7 8 9 10 | 10.7
Long Blades    | 2 3 4 5 6 7 8 9 |  9.7
Stealth        | 3 4 5 6 7 8 |  8.7
Hexes          | 4 5 6 7 8 10 11 12 | 12.1
Spellcasting   | 3 4 5 6 7 |  7.0
Fighting       | 1 3 4 5 6 7 |  7.6
Dodging        | 7 8 |  8.1
Invocations    | 3 5 |  5.4

Action                     |  1- 3 |  4- 6 |  7- 9 | 10-12 | 13-15 || total
---------------------------+-------+-------+-------+-------+-------++-------
  Melee: Dagger            |    90 |   133 |   337 |   721 |   385 ||  1666
         Tailslap          |     4 |    18 |    62 |   125 |    63 ||   272
         Punch             |       |     3 |     5 |    11 |     2 ||    21
         Unarmed           |       |       |       |       |    23 ||    23
   Cast: Ensorcelled Hiber |     2 |    24 |    56 |   150 |   186 ||   418
         Confusing Touch   |       |     1 |     9 |    16 |    12 ||    38
         Dazzling Flash    |       |       |       |     1 |     4 ||     5
         Enfeeble          |       |       |       |       |     7 ||     7
         Cause Fear        |       |       |       |       |     2 ||     2
  Evoke: Wand              |       |       |       |     1 |       ||     1
    Use: Scroll            |       |       |    17 |    12 |     7 ||    36
         Potion            |       |       |       |     4 |       ||     4
   Stab: Sleeping          |     7 |    15 |    42 |    87 |   122 ||   273
         Confused          |       |     2 |     8 |    16 |     9 ||    35
         Distracted        |       |       |     1 |       |     1 ||     2
         Invisible         |       |       |       |     1 |     8 ||     9
 Armour: Robe              |    42 |    70 |   137 |    23 |       ||   272
         Steam dragon scal |       |       |       |   340 |   323 ||   663
         Skin              |       |       |       |       |    13 ||    13
  Dodge: Dodged            |    61 |    68 |   158 |   362 |   458 ||  1107
  Block: Other             |       |    10 |    42 |    83 |    88 ||   223

Levels and vault maps discovered:
D:1:      eino_arrival_water_star, layout_basic,
          hellmonk_ecumenical_altar_zigzags, chequers_serial_rivers_micro_b
D:2:      layout_basic, uniq_sigmund
D:3:      layout_basic, grunt_temple_overflow_holy_war, vehumet_statue,
          uniq_grinder
D:4:      layout_basic
D:5:      layout_gridville, minitemple, mainiacjoe_overflow_alcove_1,
          kennysheep_windowed_goal
D:6:      layout_loops_ring, serial_library_regret_index_branch_corner,
          chequers_serial_rivers_large_a, corner_web_ring, uniq_maggie
D:7:      layout_basic, minmay_temple_entry_enclosed_plants,
          uniq_crazy_yiuf_cottage
D:8:      layout_loops_ring, minmay_small_thing
D:9:      wander_kiku_kobolds, layout_loops_corners, lightli_temple_of_fire,
          hive_lemuel, uniq_joseph
D:10:     lemuel_insect_pit, layout_loops_cross, erik_lair_orcish_takeover,
          orc_0_dummy, glass_columns_b, nicolae_twisty_statue_hallways,
          uniq_maurice
Lair:1:   layout_gridlike, lightli_volcano_entry_magma_tube
Lair:2:   layout_concentric_octagons, basic_altar
Lair:3:   layout_regular_city, swamp_mist_pool,
          nicolae_spider_entry_tight_spaces, grunt_megastairs_1
Lair:4:   layout_regular_city, uniq_kirke
Lair:5:   minmay_lair_end_frog_pond, layout_gridlike,
          nicolae_slime_entry_slimehenge, chequers_serial_rivers_room_a,
          chequers_serial_rivers_small_b, infiniplex_staircase_pool

Notes
Turn   | Place    | Note
-------+----------+-------------------------------------------
     0 | D:1      | kae the Demonspawn Enchanter began the quest for the Orb.
     0 | D:1      | Reached XP level 1. HP: 13/13 MP: 3/3
     0 | D:1      | magus.rc [v1.11.3]
    78 | D:1      | Found a faded altar of an unknown god.
    87 | D:1      | Reached skill level 1 in Short Blades
   247 | D:1      | Gained mutation: You have a small tail. [demonic ancestry]
   247 | D:1      | Reached XP level 2. HP: 17/19 MP: 5/5
   257 | D:1      | Learned a level 2 spell: Ensorcelled Hibernation
   646 | D:2      | Reached XP level 3. HP: 15/24 MP: 6/6
   649 | D:2      | Reached skill level 1 in Long Blades
   845 | D:2      | Noticed Sigmund
   850 | D:2      | Killed Sigmund
   851 | D:2      | Reached skill level 2 in Short Blades
   851 | D:2      | Reached skill level 2 in Long Blades
   851 | D:2      | Reached skill level 3 in Stealth
   851 | D:2      | Reached skill level 4 in Hexes
   851 | D:2      | Gained mutation: You are partially covered in icy blue
                  | scales. (AC +2) [demonic ancestry]
   851 | D:2      | Reached XP level 4. HP: 30/30 MP: 4/7
   851 | D:2      | Gained mutation: You are mostly covered in icy blue scales.
                  | (AC +3) [demonic ancestry]
   851 | D:2      | Reached XP level 5. HP: 35/35 MP: 4/8
  1062 | D:2      | Learned a level 3 spell: Confusing Touch
  1066 | D:2      | Learned a level 3 spell: Tukima's Dance
  1763 | D:3      | Gained mutation: A meltable shield of frost defends you.
                  | (SH +4) [demonic ancestry]
  1763 | D:3      | Reached XP level 6. HP: 41/41 MP: 9/9
  2001 | D:3      | Noticed Grinder
  2437 | D:3      | Found a basalt altar of Yredelemnul.
  2440 | D:3      | Noticed a profane servitor
  2495 | D:3      | Reached skill level 3 in Short Blades
  2576 | D:3      | Killed Grinder
  2577 | D:3      | Reached skill level 3 in Long Blades
  2577 | D:3      | Gained mutation: A meltable icy envelope protects you from
                  | harm. (AC +4) [demonic ancestry]
  2577 | D:3      | Reached XP level 7. HP: 46/46 MP: 8/11
  2918 | D:3      | Found a radiant altar of Vehumet.
  3118 | D:4      | Learned a level 3 spell: Dazzling Flash
  3131 | D:4      | Reached skill level 3 in Spellcasting
  3632 | D:5      | Entered Level 5 of the Dungeon
  3664 | D:5      | Found a hazy altar of Hepliaklqana.
  3664 | D:5      | Found a blossoming altar of Fedhas.
  3669 | D:5      | Found an opulent altar of Gozag.
  3673 | D:5      | Found a stormy altar of Qazlal.
  3673 | D:5      | Found a snail-covered altar of Cheibriados.
  3673 | D:5      | Found a broken altar of Ashenzari.
  3676 | D:5      | Found a bloodstained altar of Trog.
  3677 | D:5      | Found a hide-covered altar of Uskayaw.
  3678 | D:5      | Found a sacrificial altar of Ru.
  3846 | D:5      | Reached skill level 5 in Hexes
  3900 | D:5      | Noticed a wyvern
  3935 | D:5      | Killed a wyvern
  3936 | D:5      | Reached skill level 4 in Stealth
  4138 | D:5      | Reached skill level 4 in Short Blades
  4278 | D:5      | Found a shadowy altar of Dithmenos.
  4665 | D:5      | Became a worshipper of Dithmenos the Shadowed
  4776 | D:6      | Reached skill level 4 in Long Blades
  4792 | D:6      | Reached XP level 8. HP: 52/52 MP: 11/13
  4836 | D:6      | You add the spells Sting, Poisonous Vapours and Olgreb's
                  | Toxic Radiance to your library.
  5416 | D:6      | Reached skill level 6 in Hexes
  5624 | D:6      | Noticed Maggie
  5629 | D:6      | Killed Maggie
  5630 | D:6      | Reached skill level 1 in Fighting
  5630 | D:6      | Reached skill level 5 in Short Blades
  5630 | D:6      | Reached skill level 5 in Long Blades
  5859 | D:7      | You pick up a book of Conjurations and begin reading...
  5859 | D:7      | You add the spells Magic Dart, Searing Ray and Fulminant
                  | Prism to your library.
  5889 | D:7      | Reached * piety under Dithmenos
  6174 | D:7      | Reached skill level 4 in Spellcasting
  6233 | D:7      | Gained mutation: You regenerate magic rapidly. [demonic
                  | ancestry]
  6233 | D:7      | Reached XP level 9. HP: 43/59 MP: 12/15
  6455 | D:7      | Found a staircase to the Ecumenical Temple.
  6490 | D:7      | Found a runed translucent door.
  6491 | D:7      | Noticed Crazy Yiuf
  6497 | D:7      | Killed Crazy Yiuf
  6503 | D:7      | Identified a scroll of acquirement
  6504 | D:7      | Acquired the amulet of Meyllaerr {Will+ Regen+}
  6575 | D:8      | Reached skill level 5 in Stealth
  6745 | D:8      | Reached skill level 2 in Fighting
  6793 | D:8      | Identified the +5 hand axe of Weycryno {spect, Will+ Str+4}
  6887 | D:8      | Reached skill level 7 in Hexes
  6923 | D:8      | Reached skill level 6 in Short Blades
  7213 | D:8      | Reached skill level 6 in Long Blades
  7216 | D:8      | Noticed a five-headed hydra
  7233 | D:8      | Killed a five-headed hydra
  7234 | D:8      | Reached skill level 3 in Fighting
  7234 | D:8      | Reached XP level 10. HP: 28/70 MP: 10/17
  7311 | D:8      | Noticed a two-headed ogre
  7319 | D:8      | Killed a two-headed ogre
  7765 | D:9      | Noticed Joseph
  7809 | D:9      | Killed Joseph
  7810 | D:9      | Reached skill level 5 in Spellcasting
  7810 | D:9      | Reached skill level 8 in Hexes
  8017 | D:9      | Found a burning altar of Makhleb.
  8251 | D:9      | Reached ** piety under Dithmenos
  8450 | D:9      | You pick up a book of Hexes and begin reading...
  8450 | D:9      | You add the spells Anguish, Cause Fear and Enfeeble to your
                  | library.
  8555 | D:9      | Reached skill level 6 in Stealth
  8571 | D:9      | Reached skill level 7 in Short Blades
  8631 | D:9      | Found an ancient bone altar of Kikubaaqudgha.
  8772 | D:9      | Noticed a sun demon
  8897 | D:9      | Reached skill level 7 in Long Blades
  8948 | D:9      | Reached skill level 4 in Fighting
  9067 | D:9      | Reached *** piety under Dithmenos
  9298 | D:10     | Entered Level 10 of the Dungeon
  9298 | D:10     | Found a staircase to the Lair.
  9689 | D:10     | Gained mutation: You have a tail ending in a sharp stinger.
                  | [demonic ancestry]
  9689 | D:10     | Reached XP level 11. HP: 47/78 MP: 13/19
  9748 | D:10     | Noticed Maurice
  9753 | D:10     | Killed Maurice
  9785 | D:10     | Reached skill level 9 in Hexes
  9876 | D:10     | Noticed a centaur warrior
  9892 | D:10     | Killed a centaur warrior
  9999 | D:10     | Found a runed translucent door.
 10001 | D:10     | Found a runed translucent door.
 10034 | D:10     | Found a staircase to the Orcish Mines.
 10370 | D:10     | Reached skill level 8 in Short Blades
 10428 | D:10     | You add the spells Passage of Golubria and Yara's Violent
                  | Unravelling to your library.
 10617 | D:10     | Reached skill level 8 in Long Blades
 10647 | D:10     | Reached **** piety under Dithmenos
 10648 | D:10     | Reached skill level 5 in Fighting
 10753 | Lair:1   | Entered Level 1 of the Lair of Beasts
 10755 | Lair:1   | Noticed a catoblepas
 10765 | Lair:1   | Killed a catoblepas
 10787 | Lair:1   | Reached skill level 6 in Spellcasting
 10813 | Lair:1   | Reached skill level 7 in Stealth
 10843 | Lair:1   | Found a dark tunnel.
 10851 | Volcano  | Entered a volcano
 10972 | Volcano  | Reached skill level 10 in Hexes
 10991 | Volcano  | Noticed an orc knight
 10996 | Volcano  | Noticed an orb of fire
 11002 | Volcano  | HP: 19/80 [molten gargoyle/+0 mace (6)]
 11085 | Volcano  | Reached XP level 12. HP: 86/86 MP: 18/21
 11333 | Volcano  | Reached skill level 9 in Short Blades
 11457 | Volcano  | Reached skill level 9 in Long Blades
 11467 | Volcano  | Noticed an orb of fire
 11556 | Volcano  | Reached skill level 6 in Fighting
 12382 | Lair:1   | Identified a potion of experience
 12383 | Lair:1   | Reached skill level 7 in Dodging
 12383 | Lair:1   | Reached XP level 13. HP: 93/93 MP: 23/23
 12451 | Lair:2   | Reached ***** piety under Dithmenos
 12624 | Lair:2   | Found a basalt altar of Yredelemnul.
 12635 | Lair:2   | You pick up a book of Frost and begin reading...
 12635 | Lair:2   | You add the spells Freeze, Frozen Ramparts and Hailstorm to
                  | your library.
 12733 | Lair:2   | HP: 16/93 [five-headed hydra (12)]
 12736 | Lair:2   | Reached skill level 1 in Invocations
 12966 | Lair:2   | Upgraded the game from 0.31-a0-997-g9a2f3ffc92 to
                  | 0.31-a0-1001-g770356a28f
 12966 | Lair:2   | magus.rc [v1.11.3]
 12971 | Lair:2   | Learned a level 4 spell: Cause Fear
 12979 | Lair:2   | Learned a level 7 spell: Enfeeble
 13153 | Lair:3   | Found a staircase to the Swamp.
 13185 | Lair:3   | Reached skill level 2 in Invocations
 13409 | Lair:3   | Reached skill level 11 in Hexes
 13492 | Lair:3   | You pick up a book of Flames and begin reading...
 13492 | Lair:3   | You add the spells Inner Flame, Sticky Flame and Flame Wave
                  | to your library.
 13568 | Lair:3   | Reached skill level 7 in Spellcasting
 13631 | Lair:3   | Identified the +0 robe "Vipiotwe" {rN++ Int+4 Stlth+}
 13667 | Lair:3   | Found a hole to the Spider Nest.
 13670 | Lair:3   | Reached skill level 8 in Stealth
 13670 | Lair:3   | Reached skill level 3 in Invocations
 13854 | Lair:3   | You pick up a book of Blasting and begin reading...
 13854 | Lair:3   | You add the spells Volatile Blastmotes and Iskenderun's
                  | Mystic Blast to your library.
 13880 | Lair:3   | HP: 19/95 [catoblepas (10)]
 13882 | Lair:3   | HP: 9/95 [catoblepas (13)]
 14351 | Lair:3   | Reached skill level 10 in Short Blades
 14351 | Lair:3   | Reached XP level 14. HP: 101/101 MP: 19/24
 14850 | Lair:4   | Noticed Kirke
 14867 | Lair:4   | Reached skill level 4 in Invocations
 14976 | Lair:4   | Reached skill level 7 in Fighting
 15311 | Lair:4   | You pick up a book of Callings and begin reading...
 15311 | Lair:4   | You add the spells Summon Small Mammal, Call Canine
                  | Familiar and Summon Guardian Golem to your library.
 15455 | Lair:5   | Entered Level 5 of the Lair of Beasts
 15716 | Lair:5   | Reached ****** piety under Dithmenos
 15914 | Lair:5   | Reached skill level 5 in Invocations
 15974 | Lair:5   | Found a viscous altar of Jiyva.
 15999 | Lair:5   | Found a staircase to the Slime Pits.
 16048 | Lair:5   | Reached skill level 8 in Dodging
 16148 | Lair:5   | Reached skill level 12 in Hexes
 16443 | Lair:5   | Found the +3 Elemental Staff {ele, rElec rF+ rC+ AC+3}
 16552 | Lair:5   | Identified the +3 morningstar "Noczik" {flame, *Rage rN+
                  | Will- Dex+8}
 16574 | Lair:5   | HP: 13/103 [goliath frog (15)]
 16574 | Lair:5   | HP: 4/103 [acid (9)]
 16575 | Lair:5   | Succumbed to a cane toad's poison

Vanquished Creatures
  9 hydras
  A centaur warrior (D:10)
  2 catoblepae
  A two-headed ogre (D:8)
  An occultist (Volcano)
  A salamander mystic (Volcano)
  2 skysharks
  An orc knight (Volcano)
  6 salamanders (Volcano)
  2 cyclopes (Volcano)
  4 black mambas
  5 elephants (Lair:5)
  Maurice (D:10)
  Joseph (D:9)
  A gargoyle (Volcano)
  3 molten gargoyles (Volcano)
  8 cane toads
  Maggie (D:6)
  9 komodo dragons
  A kobold demonologist (D:9)
  An efreet (Volcano)
  A troll (D:10)
  3 tyrant leeches (Lair:5)
  20 blink frogs
  Grinder (D:3)
  Sigmund (D:2)
  A slime creature (D:8)
  3 jumping spiders (Lair:3)
  24 yaks
  5 basilisks
  6 wyverns
  5 hogs (Lair:4)
  3 redbacks (Lair:3)
  2 steam dragons
  3 vampire mosquitoes (Lair:5)
  2 wargs
  An acid dragon (D:9)
  13 water moccasins
  2 ice beasts
  2 sky beasts
  3 orc warriors
  34 wolves
  A centaur (D:10)
  13 kobold brigands (D:9)
  23 bullfrogs
  8 scorpions
  4 wights (D:10)
  2 electric eels (Lair:5)
  6 howler monkeys
  4 hounds
  9 orc priests
  Crazy Yiuf (D:7)
  9 jellies
  A sleepcap (D:5)
  9 orc wizards
  8 adders
  5 shadow imps
  3 white imps
  3 worms
  A dart slug (D:1)
  35 orcs
  6 ball pythons
  5 bats
  6 endoplasms
  8 giant cockroaches
  6 goblins
  6 hobgoblins
  8 jackals
  7 quokkas
  3 frilled lizards
  31 kobolds
  7 kobold skeletons (D:9)
  11 kobold zombies (D:9)
  3 rats
  3 butterflies (D:10)
451 creatures vanquished.

Table legend:
 A = Non-vault XP
 B = Vault XP
 C = Vault XP percentage of total XP
 D = Non-vault monster count
 E = Vault monster count
 F = Vault count percentage of total count
                 A         B        C        D         E       F
            +---------+---------+-------+---------+---------+-------
      Total |   39408 |   25281 |  39.1 |     293 |     155 |  34.6
            +---------+---------+-------+---------+---------+-------
        D:1 |      36 |       0 |   0.0 |      18 |       0 |   0.0
        D:2 |      83 |     239 |  74.2 |      24 |       1 |   4.0
        D:3 |     174 |     272 |  61.0 |      25 |       1 |   3.8
        D:4 |      84 |       0 |   0.0 |      11 |       0 |   0.0
        D:5 |     366 |       2 |   0.5 |       9 |       1 |  10.0
        D:6 |     836 |     385 |  31.5 |      18 |       1 |   5.3
        D:7 |     657 |      40 |   5.7 |      12 |       1 |   7.7
        D:8 |    2173 |    1102 |  33.6 |      19 |       2 |   9.5
        D:9 |     570 |    2473 |  81.3 |      19 |      60 |  75.9
       D:10 |    4932 |    1323 |  21.2 |      30 |      15 |  33.3
     Lair:1 |    4403 |       0 |   0.0 |      19 |       0 |   0.0
     Lair:2 |    4685 |       0 |   0.0 |      18 |       0 |   0.0
     Lair:3 |    8272 |    2625 |  24.1 |      26 |      14 |  35.0
     Lair:4 |    4609 |     947 |  17.0 |      24 |       5 |  17.2
     Lair:5 |    7528 |    7494 |  49.9 |      21 |      38 |  64.4
    Volcano |       0 |    8379 | 100.0 |       0 |      16 | 100.0
            +---------+---------+-------+---------+---------+-------

Skill      XL: |  1  2  3  4  5  6  7  8  9 10 11 12 13 14 |
---------------+-------------------------------------------+-----
Short Blades   | 1 2 3 4 5 6 7 8 9 10 | 10.7
Long Blades    | 2 3 4 5 6 7 8 9 |  9.7
Stealth        | 3 4 5 6 7 8 |  8.7
Hexes          | 4 5 6 7 8 10 11 12 | 12.1
Spellcasting   | 3 4 5 6 7 |  7.0
Fighting       | 1 3 4 5 6 7 |  7.6
Dodging        | 7 8 |  8.1
Invocations    | 3 5 |  5.4

Action                     |  1- 3 |  4- 6 |  7- 9 | 10-12 | 13-15 || total
---------------------------+-------+-------+-------+-------+-------++-------
  Melee: Dagger            |    90 |   133 |   337 |   721 |   385 ||  1666
         Tailslap          |     4 |    18 |    62 |   125 |    63 ||   272
         Punch             |       |     3 |     5 |    11 |     2 ||    21
         Unarmed           |       |       |       |       |    23 ||    23
   Cast: Ensorcelled Hiber |     2 |    24 |    56 |   150 |   186 ||   418
         Confusing Touch   |       |     1 |     9 |    16 |    12 ||    38
         Dazzling Flash    |       |       |       |     1 |     4 ||     5
         Enfeeble          |       |       |       |       |     7 ||     7
         Cause Fear        |       |       |       |       |     2 ||     2
  Evoke: Wand              |       |       |       |     1 |       ||     1
    Use: Scroll            |       |       |    17 |    12 |     7 ||    36
         Potion            |       |       |       |     4 |       ||     4
   Stab: Sleeping          |     7 |    15 |    42 |    87 |   122 ||   273
         Confused          |       |     2 |     8 |    16 |     9 ||    35
         Distracted        |       |       |     1 |       |     1 ||     2
         Invisible         |       |       |       |     1 |     8 ||     9
 Armour: Robe              |    42 |    70 |   137 |    23 |       ||   272
         Steam dragon scal |       |       |       |   340 |   323 ||   663
         Skin              |       |       |       |       |    13 ||    13
  Dodge: Dodged            |    61 |    68 |   158 |   362 |   458 ||  1107
  Block: Other             |       |    10 |    42 |    83 |    88 ||   223

Illustrated notes

Table legend:
 A = Kills in this place as a percentage of kills in the entire game.
 B = Kills by you in this place as a percentage of kills by you in the entire game.
 C = Kills by friends in this place as a percentage of kills by friends in the entire game.
 D = Other kills in this place as a percentage of other kills in the entire game.
 E = Experience gained in this place as a percentage of experience gained in the entire game.
 F = Experience gained in this place divided by the number of levels of this place that you have seen.
                   A       B       C       D       E      F
               +-------+-------+-------+-------+-------+----------------------
         Total | 100.0 | 100.0 |   N/A | 100.0 | 100.0 | 4043.1
       Dungeon |  59.6 |  59.7 |   N/A |   0.0 |  24.3 | 1574.7
          Lair |  36.8 |  36.7 |   N/A | 100.0 |  62.7 | 8112.6
       Volcano |   3.6 |   3.6 |   N/A |   0.0 |  13.0 | 8379.0
               +-------+-------+-------+-------+-------+----------------------

Table legend: (Time is in decaauts)
 A = Elapsed time spent in this place.
 B = Non-inter-level travel time spent in this place.
 C = Inter-level travel time spent in this place.
 D = Time resting spent in this place.
 E = Time spent auto-exploring this place.
 F = Levels seen in this place.
 G = Mean time per level.
                   A        B        C        D        E       F      G
               +--------+--------+--------+--------+--------+-----+--------+
         Total |  15989 |  15433 |    556 |   1143 |  10482 |  16 |  999.3 |
       Dungeon |  10392 |   9919 |    473 |    512 |   7306 |  10 | 1039.2 |
          Lair |   4770 |   4687 |     83 |    360 |   2970 |   5 |  954.0 |
       Volcano |    826 |    826 |      0 |    271 |    205 |   1 |  826.0 |
               +--------+--------+--------+--------+--------+-----+--------+

Top non-repeatable levels by time:
     D:9: 1674 daAuts
  Lair:3: 1352 daAuts
     D:3: 1325 daAuts
     D:2: 1231 daAuts
    D:10: 1207 daAuts
     D:5: 1120 daAuts
  Lair:5: 1063 daAuts
     D:8: 1019 daAuts
     D:6: 947 daAuts
  Lair:4: 909 daAuts
 Volcano: 826 daAuts
     D:7: 820 daAuts
  Lair:1: 771 daAuts
  Lair:2: 673 daAuts
     D:1: 561 daAuts
